AoeStats
← Ben Brankleton Jr

Black Forest

505795001Analyzed
4v4 RM · 20d ago on Sep 11, 2026· 50m 50s· 8 players
Game mode
Random Map
Map size
Large (8 player)
Population
200
Speed
Normal
Resources
Standard
Victory
Conquest
Starting age
Dark Age
Ending age
Imperial Age
RankedLock teamsTeams togetherTeam positionsShared explorationLock speedFull tech treeHidden civsTurbo modeCheats
Victory
Defeat
🇨🇴 Byzantines · Colombia
845
+13
🇧🇷 Franks · Brazil
807
+14
🇫🇷 Goths · France
716
+18
🇫🇷 Wu · France
715
+18
🇺🇸 Portuguese · United States
778
-16
🇲🇴 Britons · Macao SAR China
772
-16
🇨🇦 Bohemians · Canada
759
-16
🇨🇱 Byzantines · Chile
741
-15
Ngaiiii
14:58 Feudal Age
15:22 Horse Collar
15:29 Double-Bit Axe
22:42 Castle Age
23:49 Heavy Plow
24:02 Bow Saw
25:59 Treadmill Crane
28:17 Ballistics
28:17 Gold Mining
28:21 Stone Mining
30:21 Caravan
34:05 Imperial Age
32:27 Gold Shaft Mining
33:23 Wheelbarrow
34:12 Hand Cart
34:39 Yeomen
37:13 Two-Man Saw
36:20 Elite Longbowman
37:23 Conscription
37:27 Husbandry
39:50 Chemistry
39:30 Fletching
39:41 Padded Archer Armor
40:11 Capped Ram
44:16 Warwolf
45:24 Bodkin Arrow
45:45 Leather Archer Armor
madagascart
2:53 Loom
12:41 Feudal Age
18:39 Castle Age
17:54 Double-Bit Axe
17:54 Horse Collar
slipoker
0:31 Loom
13:39 Feudal Age
14:13 Horse Collar
15:45 Double-Bit Axe
18:35 Castle Age
16:36 Double-Bit Axe
20:43 Fervor
24:03 Treadmill Crane
27:00 Imperial Age
25:43 Bow Saw
26:17 Stone Mining
26:35 Gold Mining
28:36 Stone Shaft Mining
30:40 Wheelbarrow
36:56 Ballistics
36:32 Murder Holes
37:38 Chemistry
36:50 Masonry
36:33 Fletching
38:14 Bodkin Arrow
39:49 Guilds
40:10 Coinage
39:42 Bracer
40:06 Bombard Tower
39:56 Fortified Wall
39:34 Pikeman
40:00 Arson
40:00 Gambesons
40:26 Arquebus
40:49 Conscription
40:42 Padded Archer Armor
40:42 Scale Mail Armor
40:09 Crossbowman
40:54 Halberdier
41:22 Arbalester
42:15 Arquebus
42:33 Thumb Ring
43:45 Chain Mail Armor
43:40 Forging
43:46 Leather Archer Armor
45:12 Plate Mail Armor
44:48 Scale Barding Armor
45:32 Banking
46:10 Elite Skirmisher
48:56 Ring Archer Armor
49:02 Iron Casting
50:02 Hand Cart
49:33 Town Watch
Nergal9964
2:03 Loom
13:32 Feudal Age
15:52 Wheelbarrow
18:31 Castle Age
17:38 Scale Mail Armor
17:50 Forging
17:36 Gold Mining
17:31 Horse Collar
17:49 Double-Bit Axe
20:17 Gold Shaft Mining
25:12 Hand Cart
28:03 Man-at-Arms
28:30 Gambesons
29:19 Long Swordsman
35:11 Bow Saw
35:27 Padded Archer Armor
35:43 Chain Mail Armor
36:03 Iron Casting
34:59 Pikeman
36:21 Stone Mining
37:51 Leather Archer Armor
38:26 Squires
38:18 Fletching
38:32 Murder Holes
38:18 Treadmill Crane
38:52 Fortified Wall
41:27 Imperial Age
41:27 Elite Skirmisher
41:48 Crossbowman
42:52 Conscription
42:08 Two-Handed Swordsman
44:15 Champion
44:46 Halberdier
46:32 Arbalester
47:50 Thumb Ring
Ben Brankleton Jr
10:55 Feudal Age
14:59 Castle Age
20:57 Loom
23:53 Double-Bit Axe
23:52 Horse Collar
26:53 Heavy Plow
31:41 Imperial Age
30:17 Wheelbarrow
30:03 Bow Saw
31:34 Hand Cart
34:50 Scale Mail Armor
35:01 Forging
35:27 Crop Rotation
35:25 Conscription
35:18 Perfusion
34:44 Pikeman
35:25 Squires
36:03 Chain Mail Armor
35:36 Halberdier
37:27 Two-Man Saw
42:19 Iron Casting
44:19 Blast Furnace
Ben Brankleton Sr
0:51 Loom
18:38 Feudal Age
20:49 Man-at-Arms
27:38 Castle Age
25:53 Forging
25:43 Scale Mail Armor
26:25 Double-Bit Axe
26:22 Horse Collar
27:03 Fletching
27:13 Padded Archer Armor
28:57 Bow Saw
28:50 Heavy Plow
28:43 Gold Mining
39:37 Bodkin Arrow
39:43 Padded Archer Armor
39:57 Red Cliffs Tactics
40:47 Stone Mining
44:19 Leather Archer Armor
48:25 Imperial Age
50:09 Conscription
49:10 Elite Fire Archer
50:09 Bracer
Mr. S. Holmes
0:57 Loom
13:13 Feudal Age
14:11 Double-Bit Axe
14:12 Horse Collar
14:58 Gold Mining
19:23 Stone Mining
23:55 Castle Age
26:08 Bow Saw
27:24 Wheelbarrow
28:43 Gold Shaft Mining
28:43 Stone Shaft Mining
29:03 Stone Shaft Mining
29:43 Caravan
30:46 Elite Skirmisher
32:16 Fletching
32:28 Padded Archer Armor
37:31 Imperial Age
36:41 Forging
36:47 Leather Archer Armor
36:27 Bodkin Arrow
36:40 Scale Barding Armor
38:37 Ballistics
39:18 Chemistry
39:38 Elite Cataphract
40:18 Heavy Camel Rider
41:55 Bracer
42:16 Light Cavalry
44:00 Hussar
ErvilhaDaBoa 0.o !
14:49 Feudal Age
19:24 Castle Age
21:36 Fletching
29:06 Imperial Age
26:52 Husbandry
28:03 Wheelbarrow
28:54 Gold Mining
31:39 Cavalier
38:06 Hand Cart
41:15 Capped Ram
43:14 Paladin
46:11 Gold Shaft Mining
45:27 Stone Mining
45:27 Double-Bit Axe
45:57 Forging
45:53 Scale Barding Armor
45:44 Bodkin Arrow
Connection lost

Rejoining the realm…

Still unreachable

The connection could not be restored.

Session expired

The server has moved on; the page needs a fresh start.